 Dungeon Crawl Stone Soup version 0.28-a0-1182-g381e24db82 (webtiles) character file.

Game seed: 10933239363757961588

33090 ytrimaz the Severer (level 13, -1/130 HPs)
             Began as a Minotaur Fighter on Dec 16, 2021.
             Was a High Priest of Cheibriados.
             Slain by an ice devil (16 damage)
             ... summoned by an orc high priest
             ... on level 2 of the Orcish Mines.
             The game lasted 00:17:48 (15571 turns).

ytrimaz the Severer (Minotaur Fighter)             Turns: 15571, Time: 00:17:48

Health: -1/130     AC: 27    Str: 39    XL:     13   Next: 34%
Magic:  15/15      EV:  9    Int: 15    God:    Cheibriados [*****.]
Gold:   2308       SH:  7    Dex: 33    Spells: 12/12 levels left

rFire   . . .      SeeInvis +   a - +1 war axe (freeze)
rCold   . . .      Faith    .   c - +0 buckler
rNeg    + . .      Spirit   .   e - +0 shadow dragon scales
rPois   .          Reflect  .   (helmet restricted)
rElec   .          Harm     .   k - +0 cloak
rCorr   .          Rampage  .   q - +2 pair of gloves of Neid {Drain Int-4 Dex+8 SInv}
Will    .....                   F - +0 pair of boots
Stlth   +++.......              (no amulet)
HPRegen 0.31/turn               l - +4 ring of protection
MPRegen 0.14/turn               t - ring "Foonon" {Fly rN+ Slay+4}

@: on berserk cooldown, flying, slowed, studying Fighting, very slow
A: horns 2, retaliatory headbutt
a: Renounce Religion, Bend Time, Temporal Distortion, Slouch, Step From Time


You were on level 2 of the Orcish Mines.
You worshipped Cheibriados.
Cheibriados was extremely pleased with you.
You visited 3 branches of the dungeon, and saw 15 of its levels.

You collected 2308 gold pieces.

Inventory:

Hand Weapons
 a - a +1 war axe of freezing (weapon)
Missiles
 p - 18 boomerangs (quivered)
Armour
 c - a +0 buckler (worn)
 e - +0 shadow dragon scales (worn)
 k - a +0 cloak (worn)
 q - the +2 pair of gloves of Neid (worn) {Drain Int-4 Dex+8 SInv}
   (You found it on level 5 of the Dungeon)

   Int:       It affects your intelligence (-4).
   Dex:       It affects your dexterity (+8).
   SInv:      It lets you see invisible.
   Drain:     It drains your maximum health when unequipped.
 F - a +0 pair of boots (worn)
Jewellery
 d - a +6 ring of strength
 i - a ring of magical power
 j - a +6 ring of intelligence
 l - a +4 ring of protection (left hand)
 t - the ring "Foonon" (right hand) {Fly rN+ Slay+4}
   (You acquired it on level 7 of the Dungeon)

   [ring of positive energy]

   Slay:      It affects your accuracy & damage with ranged weapons and melee
   (+4).
   rN:        It protects you from negative energy.
   Fly:       It grants you flight.
 u - a ring of protection from cold
 w - a ring of protection from fire
 z - a ring of ice
 B - a ring of flight
 D - a ring of see invisible
 E - a ring of poison resistance
Wands
 f - a wand of paralysis (5)
 h - a wand of polymorph (2)
 s - a wand of digging (11)
 x - a wand of iceblast (11)
Scrolls
 b - 4 scrolls of teleportation
 g - 2 scrolls of amnesia
 m - a scroll of brand weapon
 y - 2 scrolls of fear
 A - a scroll of acquirement
Potions
 o - a potion of ambrosia {unknown}
 r - 2 potions of brilliance
 v - 3 potions of curing
 C - a potion of cancellation {unknown}


   Skills:
 + Level 16.8 Fighting
 - Level 18.0 Axes
 * Level 3.5 Throwing
 + Level 14.3 Armour
 - Level 4.0 Shields
 * Level 5.1 Invocations


You had 12 spell levels left.
You didn't know any spells.
Your spell library contained the following spells:

 Spells                   Type           Power      Damage    Failure   Level
 Passwall                 Tmut/Erth      0%         N/A       71%         2
 Dazzling Flash           Conj/Hex       0%         N/A       90%         3
 Hailstorm                Conj/Ice       0%         3d3       100%        4
 Ice Form                 Ice/Tmut       0%         N/A       100%        4
 Iskenderun's Mystic Bla  Conj/Tloc      0%         2d3       100%        4
 Alistair's Intoxication  Tmut/Pois      0%         N/A       100%        5
 Lee's Rapid Deconstruct  Erth           0%         3d5*      100%        5
 Summon Forest            Summ/Tloc      0%         N/A       100%        5
 Eringya's Noxious Bog    Tmut/Pois      0%         N/A       100%        6
 Simulacrum               Ice/Necr       0%         N/A       100%        6
 Starburst                Conj/Fire      0%         6d3       100%        6
 Summon Hydra             Summ           0%         N/A       100%        7


Dungeon Overview and Level Annotations

Branches:
Dungeon (12/15)            Temple (1/1) D:4            Lair (0/6) D:10
    Orc (2/2) D:12            Elf (0/3) Orc:2

Altars:
Ashenzari
Cheibriados
Dithmenos
Elyvilon
Fedhas
Gozag
Hepliaklqana
Kikubaaqudgha
Makhleb
Nemelex Xobeh
Okawaru
Qazlal
Ru
Sif Muna
Trog
Uskayaw
Vehumet
Wu Jian
Xom
Yredelemnul
Zin
The Shining One

Shops:
D:2 (   D:5 [   D:9 (

Portals:
Trove: D:11 (give 5 scrolls of blinking)

Annotations:
D:3 3 runed translucent doors, Dvallin's ghost, amateur KoFi
D:5 2 transporters, Nato's ghost, novice MiFi


Innate Abilities, Weirdness & Mutations

You have a pair of horns on your head.
You reflexively headbutt those who attack you in melee.


Message History

The orange demon stings you but does no damage.
Unknown command.
Found a yak skeleton and three rat skeletons.
The ice devil seems to regain its courage.
The orc warrior seems to regain its courage.
The orange demon stings you.
* * * LOW HITPOINT WARNING * * *
The orange demon hits you but does no damage.
The orange demon stings you but does no damage.
The orange demon hits you but does no damage.
You block the orange demon's attack. The orange demon barely misses you.
Items here: ( ))))))) [[[[[ ††††.
You hit the orange demon. You freeze the orange demon.
You headbutt the orange demon!
The orange demon is moderately wounded.
The orc warrior no longer looks unusually strong.
The orange demon barely misses you. You furiously retaliate!
You headbutt the orange demon!
The orange demon hits you but does no damage.
The orc high priest calls upon Beogh to heal something.
You barely miss the orange demon.
The orange demon is heavily wounded.
You block the orange demon's attack. The orange demon barely misses you.
The orc high priest mumbles some strange prayers to Beogh.
Unknown command.
You hit the orange demon. You freeze the orange demon.
You headbutt the orange demon!
The orange demon is almost dead.
You block the orange demon's attack.
The orange demon hits you but does no damage.
The orc priest looks braver for a moment.
Unknown command.
You slash the orange demon! You freeze the orange demon.
You kill the orange demon!
The orange demon disappears in a puff of smoke!
You hit the orc high priest. You freeze the orc high priest.
You completely miss the ice devil. The ice devil hits you!
* * * LOW HITPOINT WARNING * * *
The ice devil freezes you!
You die...

..## #..###.......#####
## ...#####
####.........#
....##.#### ##..........#
........#.###.....#######
....##.#...#....#####
.....###..##..)###..####
.....#....##..)##.÷.÷..#
.........#.##.))#o4...÷.
............#.))@§÷..÷4.
............##.÷.4o.§...
............###...÷...÷.
......###..## #...÷...o.
............# ###.....o.
...#.......## #÷....#
...........# ######
#.........## ........###


You could see 2 orc high priests, an ice devil (summoned), a rust devil
(summoned), a red devil (summoned), an orc warrior and an orc priest (strong).

Vanquished Creatures
  Snorg (D:11)
  An ettin (Orc:1)
  A boulder beetle (D:9)
  Fannar (D:11)
  2 death knights
  2 two-headed ogres
  An orc high priest (Orc:2)
  4 skeletal warriors (D:11)
  7 orc knights
  Pikel (D:7)
  3 orc sorcerers (Orc:2)
  An ugly thing (D:12)
  A manticore (D:12)
  A centaur zombie (D:10)
  A cyclops (D:12)
  Joseph (D:7)
  2 kobold demonologists (D:10)
  A komodo dragon (D:10)
  10 trolls
  Grinder (D:4)
  A hornet (D:8)
  A vampire (D:12)
  2 shadows
  A basilisk (D:8)
  A wyvern (D:9)
  34 yaks
  2 steam dragons
  3 wraiths
  Grum (D:10)
  3 wargs (Orc:1)
  A water moccasin (D:10)
  16 orc warriors
  A hornet zombie (D:8)
  5 black bears
  2 sky beasts
  8 ogres
  4 wolves (D:10)
  6 centaurs
  4 kobold brigands
  2 lemures (D:7)
  5 bullfrogs
  A wyvern skeleton (D:6)
  2 gnoll sergeants
  3 scorpions
  A water moccasin skeleton (D:6)
  21 killer bees
  2 wights
  2 bullfrog zombies
  A centaur skeleton (D:5)
  13 orc priests
  2 hounds
  A jelly (D:4)
  Crazy Yiuf (D:3)
  A bullfrog skeleton (D:6)
  An iguana (D:4)
  19 orc wizards
  A killer bee zombie (D:8)
  A hound zombie (D:5)
  A howler monkey zombie (D:8)
  A howler monkey skeleton (D:5)
  9 adders
  12 gnolls
  2 shadow imps
  2 white imps
  An ufetubus (D:5)
  A dart slug (D:5)
  67 orcs
  8 ball pythons
  4 bats
  3 endoplasms
  5 giant cockroaches
  5 goblins
  6 hobgoblins
  4 jackals (D:4)
  16 kobolds
  4 quokkas
  5 frilled lizards
  10 rats
385 creatures vanquished.

Vanquished Creatures (collateral kills)
  Jorgrun (D:12)
  A hydra (D:12)
2 creatures vanquished.

Vanquished Creatures (others)
  22 fungi
  32 plants
54 creatures vanquished.

Grand Total: 441 creatures vanquished

Notes
Turn   | Place    | Note
-------+----------+-------------------------------------------
     0 | D:1      | ytrimaz the Minotaur Fighter began the quest for the Orb.
     0 | D:1      | Reached XP level 1. HP: 19/19 MP: 0/0
   143 | D:1      | Reached XP level 2. HP: 27/27 MP: 1/1
   353 | D:1      | Found a faded altar of an unknown god.
  1229 | D:2      | Reached skill level 3 in Axes
  1292 | D:2      | Reached XP level 3. HP: 33/33 MP: 2/2
  1546 | D:2      | Found Somyoggiunu's Weapon Shop.
  2112 | D:3      | Found a runed translucent gate.
  2113 | D:3      | Found a runed translucent gate.
  2147 | D:3      | You fall into a shaft and drop 3 floors!
  2209 | D:6      | Found a shimmering altar of Xom.
  2267 | D:6      | Noticed an orc warrior
  2272 | D:5      | Entered Level 5 of the Dungeon
  2304 | D:5      | Found Wosym's Armour Boutique.
  2332 | D:5      | Identified the +1 scale mail "Woogento" {*Corrode rPois
                  | rN++ Slay+3}
  2332 | D:5      | Noticed a gnoll sergeant
  2336 | D:5      | Noticed a black bear
  2358 | D:5      | Killed a black bear
  2359 | D:5      | Reached skill level 4 in Axes
  2359 | D:5      | Reached XP level 4. HP: 41/41 MP: 3/3
  2359 | D:5      | Reached XP level 5. HP: 47/47 MP: 4/4
  2383 | D:5      | Found a transporter.
  2389 | D:5      | Reached skill level 5 in Axes
  2448 | D:5      | Reached skill level 5 in Armour
  2626 | D:3      | Found a runed translucent gate.
  2630 | D:3      | Noticed Dvallin's ghost (amateur KoFi)
  2683 | D:3      | Reached XP level 6. HP: 36/55 MP: 5/5
  2817 | D:3      | Found a runed translucent door.
  2818 | D:3      | Noticed Crazy Yiuf
  3086 | D:3      | Killed Crazy Yiuf
  3244 | D:4      | Noticed Grinder
  3255 | D:4      | Killed Grinder
  3256 | D:4      | Reached skill level 5 in Fighting
  3256 | D:4      | Reached skill level 6 in Axes
  3360 | D:4      | Reached XP level 7. HP: 57/61 MP: 6/6
  3499 | D:4      | Found a staircase to the Ecumenical Temple.
  3508 | Temple   | Entered the Ecumenical Temple
  3820 | Temple   | Became a worshipper of Ru the Awakened
  3983 | D:4      | Reached skill level 7 in Axes
  4537 | D:5      | Noticed Nato's ghost (novice MiFi)
  4554 | D:5      | Found a transporter.
  4575 | D:5      | Reached skill level 8 in Axes
  4757 | D:5      | Reached XP level 8. HP: 69/70 MP: 7/7
  4779 | D:5      | Identified the +2 pair of gloves of Neid {Drain Int-4 Dex+8
                  | SInv}
  5213 | D:6      | Found a basalt altar of Yredelemnul.
  5223 | D:6      | Reached skill level 9 in Axes
  5642 | D:6      | Reached skill level 10 in Axes
  5733 | D:6      | HP: 1/73 [steam dragon/ball of steam (7)]
  5735 | D:6      | Reached XP level 9. HP: 2/79 MP: 8/8
  6094 | D:6      | Reached skill level 11 in Axes
  6502 | D:7      | Noticed Joseph
  6510 | D:7      | Killed Joseph
  6511 | D:7      | Reached skill level 12 in Axes
  6748 | D:7      | Noticed Pikel
  6759 | D:7      | Killed Pikel
  6891 | D:7      | Reached XP level 10. HP: 89/90 MP: 9/9
  6892 | D:7      | Reached skill level 13 in Axes
  7186 | D:7      | Identified a scroll of acquirement
  7186 | D:7      | Acquired the ring "Foonon" {Fly rN+ Slay+4}
  7962 | D:8      | Reached skill level 14 in Axes
  7962 | D:8      | Reached skill level 10 in Armour
  8438 | D:9      | Found a glowing golden altar of the Shining One.
  8506 | D:9      | Found Moerileg's Weapon Emporium.
  8526 | D:9      | Reached skill level 10 in Fighting
  8702 | D:9      | Found a snail-covered altar of Cheibriados.
  8998 | D:10     | Entered Level 10 of the Dungeon
  9017 | D:10     | Reached skill level 15 in Axes
  9017 | D:10     | Reached XP level 11. HP: 80/101 MP: 10/10
  9043 | D:9      | Fell from the grace of Ru
  9043 | D:9      | Became a worshipper of Cheibriados the Contemplative
  9070 | D:10     | Noticed a boulder beetle
  9116 | D:9      | HP: 4/101 [boulder beetle (9)]
  9125 | D:9      | Killed a boulder beetle
  9737 | D:10     | Noticed Grum
  9742 | D:10     | Reached * piety under Cheibriados
  9748 | D:10     | Killed Grum
  9777 | D:10     | Noticed a death knight
  9789 | D:10     | Killed a death knight
  9790 | D:10     | Reached skill level 16 in Axes
  9971 | D:10     | Found a staircase to the Lair.
 10561 | D:11     | Reached ** piety under Cheibriados
 10674 | D:11     | Noticed a two-headed ogre
 10679 | D:11     | Killed a two-headed ogre
 10742 | D:11     | Noticed Snorg
 10750 | D:11     | Killed Snorg
 10751 | D:11     | Reached XP level 12. HP: 31/116 MP: 11/11
 11309 | D:11     | Got Lagg's Collected Works on the Nocuous Rocks
 11522 | D:11     | Noticed Fannar
 11537 | D:11     | Killed Fannar
 11538 | D:11     | Reached skill level 17 in Axes
 11538 | D:11     | Reached skill level 1 in Invocations
 11868 | D:11     | Reached *** piety under Cheibriados
 12024 | D:11     | Found a portal to a secret trove of treasure.
 12311 | D:12     | Found a shimmering altar of Xom.
 12538 | D:12     | Reached skill level 15 in Fighting
 12625 | D:12     | Noticed a two-headed ogre
 12629 | D:12     | Killed a two-headed ogre
 12797 | D:12     | Acquired 921 gold pieces
 12817 | D:12     | Found a hazy altar of Hepliaklqana.
 12817 | D:12     | Noticed a death knight
 12826 | D:12     | Killed a death knight
 13064 | D:12     | Noticed Jorgrun
 13065 | D:12     | Noticed a six-headed hydra
 13084 | D:12     | Killed Jorgrun
 13085 | D:12     | Reached skill level 1 in Throwing
 13086 | D:12     | Killed a seven-headed hydra
 13486 | D:12     | Found a staircase to the Orcish Mines.
 13531 | D:12     | Reached **** piety under Cheibriados
 13682 | Orc:1    | Entered Level 1 of the Orcish Mines
 13945 | Orc:1    | Noticed an ettin
 13946 | Orc:1    | Reached ***** piety under Cheibriados
 13953 | Orc:1    | Killed an ettin
 13964 | Orc:1    | Reached XP level 13. HP: 65/128 MP: 15/15
 14223 | Orc:1    | Found an iron altar of Okawaru.
 14426 | Orc:2    | Entered Level 2 of the Orcish Mines
 14820 | Orc:2    | Found a staircase to the Elven Halls.
 15072 | Orc:2    | Reached skill level 18 in Axes
 15554 | Orc:2    | Reached skill level 5 in Invocations
 15571 | Orc:2    | Slain by an ice devil

Illustrated notes

Levels and vault maps discovered:
D:1:      wander_arrival_chamber, layout_basic,
          hellmonk_ecumenical_altar_leap_of_faith
D:2:      layout_basic, serial_shops, nicolae_shop_behind_doors
D:3:      layout_rooms, gammafunk_ghost_necromancy, eino_tiny_chamber,
          uniq_crazy_yiuf_cottage
D:4:      layout_basic, minmay_temple_entry_fiery, minmay_misc_feat_square,
          uniq_grinder
D:5:      layout_basic, serial_shops, shop, gammafunk_ghost_gnarly_gnolls,
          hangedman_decor_opposing, minmay_fractal_squares_5
D:6:      minmay_octagon_keep, layout_cave_pools, serial_park,
          serial_park_square3 [serial_park_minivault_5x5_4],
          serial_park_tiny_pond, serial_park_square2, serial_park_tiny_1
D:7:      layout_rooms, kennysheep_generic_room_2, uniq_joseph, uniq_pikel
D:8:      layout_basic, minmay_manual_monstrance
D:9:      layout_irregular_city, nicolae_overflow_crystal_walls,
          mainiacjoe_overflow_boulevard, serial_shops, nicolae_shop_waterfront
D:10:     layout_cave_pools, due_lair_maze_entry_diamond,
          minmay_fractal_squares_diagonal_5, uniq_grum
D:11:     layout_rooms, nicolae_trove_entry_diagonal, uniq_fannar, uniq_snorg
D:12:     layout_gridville, hiddenorc2_lemuel, hangedman_feature_mirror,
          uniq_jorgrun
Temple:   mainiacjoe_temple_cubbyholes
Orc:1:    layout_caves, okawaru_metal_pillars_3
Orc:2:    grunt_orc_tribal_feast, layout_caves

Skill      XL: |  1  2  3  4  5  6  7  8  9 10 11 12 13 |
---------------+----------------------------------------+-----
Fighting       | 4 5 7 8 10 13 16 | 16.8
Armour         | 4 5 6 7 9 10 12 13 14 | 14.3
Axes           | 3 4 5 6 8 10 12 15 16 17 18 | 18.0
Shields        | 4 |  4.0
Invocations    | 4 5 |  5.1
Throwing       | 2 3 |  3.5

Action                   |  1- 3 |  4- 6 |  7- 9 | 10-12 | 13-15 || total
-------------------------+-------+-------+-------+-------+-------++-------
Melee: War axe           |    88 |    52 |   178 |   405 |    98 ||   821
       Headbutt          |     6 |    14 |    43 |   147 |    26 ||   236
Throw: Boomerang         |       |       |       |     8 |     9 ||    17
Invok: Reject Sacrifices |       |       |     1 |       |       ||     1
  Use: Scroll            |     4 |     1 |     5 |    10 |     1 ||    21
       Potion            |     1 |     1 |     1 |     5 |     1 ||     9
 Stab: Sleeping          |       |       |       |     6 |       ||     6
       Distracted        |       |       |       |     1 |       ||     1
Armor: Scale mail        |    36 |    28 |    23 |       |       ||    87
       Plate armour      |       |       |   109 |   266 |       ||   375
       Shadow dragon sca |       |       |       |   143 |    54 ||   197
Dodge: Dodged            |    49 |    22 |    77 |   146 |    46 ||   340
Block: Buckler           |    16 |    11 |    52 |   141 |    48 ||   268

Table legend: (Time is in decaauts)
 A = Elapsed time spent in this place.
 B = Non-inter-level travel time spent in this place.
 C = Inter-level travel time spent in this place.
 D = Time resting spent in this place.
 E = Time spent auto-exploring this place.
 F = Levels seen in this place.
 G = Mean time per level.
                   A        B        C        D        E       F      G
               +--------+--------+--------+--------+--------+-----+--------+
         Total |  16974 |  16226 |    748 |   1065 |  12734 |  15 | 1131.6 |
       Dungeon |  14134 |  13460 |    674 |    894 |  10509 |  12 | 1177.8 |
        Temple |    354 |    313 |     41 |      0 |    289 |   1 |  354.0 |
  Orcish Mines |   2484 |   2451 |     33 |    171 |   1936 |   2 | 1242.0 |
               +--------+--------+--------+--------+--------+-----+--------+

Top non-repeatable levels by time:
    D:11: 2033 daAuts
    D:12: 1662 daAuts
   Orc:2: 1525 daAuts
    D:10: 1297 daAuts
     D:6: 1283 daAuts
     D:9: 1214 daAuts
     D:1: 1136 daAuts
     D:5: 1090 daAuts
     D:8: 1017 daAuts
     D:3: 976 daAuts
   Orc:1: 959 daAuts
     D:4: 885 daAuts
     D:7: 862 daAuts
     D:2: 673 daAuts
  Temple: 354 daAuts
